 Dungeon Crawl Stone Soup version 0.22.1-1-ga44c0e5 (webtiles) character file.

14 Iscandelvey the Magician (level 2, -1/20 HPs)
             Began as a Demigod Wizard on Oct 4, 2018.
             Slain by a hobgoblin
             ... wielding a +0 spear
              (3 damage)
             ... on level 1 of the Dungeon.
             The game lasted 00:02:28 (531 turns).

Iscandelvey the Magician (Demigod Wizard)            Turns: 531, Time: 00:02:29

Health: -1/20      AC:  2    Str: 16    XL:     2   Next: 18%
Magic:  4/8        EV: 12    Int: 22    God:
Gold:   37         SH:  0    Dex: 14    Spells: 2/7 levels left

rFire    . . .     SeeInvis .   e - +0 short sword
rCold    . . .     Gourm    .   (no shield)
rNeg     . . .     Faith    .   a - +0 robe
rPois    .         Spirit   .   b - +0 hat
rElec    .         Reflect  .   (no cloak)
rCorr    .         Harm     .   (no gloves)
MR       .....                  (no boots)
Stlth    ++........             i - amulet of inaccuracy (curse)
HPRegen  0.06/turn              f - +6 ring of strength
MPRegen  0.11/turn              (no ring)

@: very slightly contaminated
A: high mp 1
a: no special abilities


You were on level 1 of the Dungeon.
You were not hungry.

You visited 1 branch of the dungeon, and saw 1 of its levels.

You collected 37 gold pieces.

Inventory:

Hand Weapons
 e - a +0 short sword (weapon)
Armour
 a - a +0 robe (worn)
 b - a +0 hat (worn)
Jewellery
 f - a +6 ring of strength (left hand)
 i - a cursed amulet of inaccuracy (around neck)
Scrolls
 g - 2 scrolls of identify {unknown}
 h - a scroll of random uselessness {unknown}
Comestibles
 c - 4 chunks of flesh
 d - 3 rations


   Skills:
 + Level 0.1 Short Blades
 + Level 1.7 Dodging
 + Level 1.8 Stealth
 + Level 3.2 Spellcasting
 + Level 0.9 Conjurations
 + Level 0.8 Summonings
 + Level 0.8 Translocations


You had 2 spell levels left.
You knew the following spells:

 Your Spells              Type           Power        Failure   Level  Hunger
a - Magic Dart            Conj           #...         9%          1    None
b - Blink                 Tloc           N/A          13%         2    ##.....
c - Call Imp              Summ           #.......     13%         2    ##.....

Your spell library contained the following spells:

 Spells                   Type           Power        Failure   Level  Hunger
 Slow                     Hex            #.......     19%         2    ##.....
 Conjure Flame            Conj/Fire      #.......     30%         3    ###....
 Mephitic Cloud           Conj/Pois/Air  #.......     32%         3    ###....


Dungeon Overview and Level Annotations

Branches:
Dungeon (1/15)


Innate Abilities, Weirdness & Mutations

You have an increased reservoir of magic. (+10% MP)


Message History

The hobgoblin hits you from afar with a spear!
Casting: Magic Dart (safe; 9% risk of failure)
Confirm with . or Enter, or press ? or * to list all spells.
Aiming: Magic Dart (safe; 9% risk of failure)
Press: ? - help, Shift-Dir - straight line, f/p - hobgoblin
Aim: a hobgoblin, wielding a spear You miscast Magic Dart.
You are very lightly contaminated with residual magic.
Wisps of smoke drift from your hands.
The hobgoblin hits you from afar with a spear.
* * * LOW HITPOINT WARNING * * *
Casting: Magic Dart (safe; 9% risk of failure)
Confirm with . or Enter, or press ? or * to list all spells.
Aiming: Magic Dart (safe; 9% risk of failure)
Press: ? - help, Shift-Dir - straight line, f/p - hobgoblin
Aim: a hobgoblin, wielding a spear The magic dart hits the hobgoblin.
The hobgoblin is heavily wounded.
The hobgoblin hits you from afar with a spear.
You die...

#....#
#.#
#.####
#.. #.#
##.
#.#####
#)
#.)...#
#####
#.....#
#....
#.....#
#....
#.#####
#.... #@#
#....
#..g..$.#
#....
#######.#
#....
##### # #
# # #


You could see a hobgoblin.

Vanquished Creatures
  A leopard gecko (D:1)
  A giant cockroach (D:1)
  A goblin (D:1)
  2 hobgoblins (D:1)
  2 bats (D:1)
  A frilled lizard (D:1)
  3 kobolds (D:1)
  3 rats (D:1)
14 creatures vanquished.

Notes
Turn   | Place    | Note
-------+----------+-------------------------------------------
     0 | D:1      | Iscandelvey the Demigod Wizard began the quest for the Orb.
     0 | D:1      | Reached XP level 1. HP: 14/14 MP: 6/6
   155 | D:1      | Reached skill level 3 in Spellcasting
   372 | D:1      | Reached XP level 2. HP: 20/20 MP: 1/8
   432 | D:1      | Learned a level 2 spell: Blink
   435 | D:1      | Learned a level 2 spell: Call Imp
   531 | D:1      | Slain by a hobgoblin

Skill      XL: |  1 |
---------------+----+-----
Spellcasting   | 3 |  3.2
Short Blades   | |  0.1
Dodging        | |  1.7
Stealth        | |  1.8
Conjurations   | |  0.9
Summonings     | |  0.8
Translocations | |  0.8

Action                   || total
-------------------------++-------
Melee: Unarmed           ||     5
       Short sword       ||     4
 Cast: Magic Dart        ||    30
Armor: Robe              ||     4
Dodge: Dodged            ||     6
